 Dungeon Crawl Stone Soup version 0.19-a0-36-g4a0968a (webtiles) character file.

7193 Mefis the Thaumaturge (level 10, -2/50 HPs)
             Began as a Deep Elf Wizard on May 3, 2016.
             Was a High Priest of Sif Muna.
             Engulfed by a cloud of flame (8 damage)
             ... on level 10 of the Dungeon.
             The game lasted 01:05:04 (14397 turns).

Mefis the Thaumaturge (Deep Elf Wizard)            Turns: 14397, Time: 01:05:05

Health: -2/50      AC:  6    Str:  6    XL:     10   Next: 87%
Magic:  8/33       EV: 15    Int: 27    God:    Sif Muna [*****.]
Gold:   576        SH:  0    Dex: 13    Spells: 8 memorised, 9 levels left

rFire  . . .     SeeInvis .     (no weapon)
rCold  . . .     Gourm    .     a - +0 robe
rNeg   . . .     Faith    .     (no shield)
rPois  .         Spirit   .     b - +0 hat
rElec  .         Dismiss  .     W - +1 cloak
rCorr  .         Reflect  .     n - +2 pair of gloves
SustAt .         Harm     .     (no boots)
MR     +....                    (no amulet)
Stlth  ++++......               (no ring)
                                M - ring of magical power

@: repel missiles, somewhat resistant to hostile enchantments, stealthy
A: talons 1, deformed body, mutation resistance 1, strong 1
a: Channel Energy, Forget Spell, Renounce Religion


You were on level 10 of the Dungeon.
You worshipped Sif Muna.
Sif Muna was extremely pleased with you.
You were near starving.

You visited 1 branch of the dungeon, and saw 10 of its levels.

You collected 576 gold pieces.

Inventory:

Hand Weapons
 B - a +0 longbow
 E - a +0 dagger of holy wrath
 J - a +0 blowgun
 N - a +0 shortbow
Missiles
 f - 126 arrows
 h - 64 poisoned needles
 m - 7 needles of sleeping
 G - 8 tomahawks (quivered)
Armour
 a - a +0 robe (worn)
 b - a +0 hat (worn)
 n - a +2 pair of gloves (worn)
 W - a +1 cloak (worn)
Magical Staves
 S - an uncursed staff of power
Jewellery
 C - an uncursed ring of ice
 M - a ring of magical power (left hand)
Wands
 o - a wand of random effects (28/48)
 x - a wand of random effects (25/48)
 I - a wand of lightning (2/15)
 Q - a wand of enslavement (16/24)
 U - a wand of paralysis (12/24)
Scrolls
 e - a scroll of magic mapping {unknown}
 g - a scroll of recharging {unknown}
 i - 2 scrolls of teleportation {unknown}
 j - 2 scrolls of random uselessness {unknown}
 t - 5 scrolls of blinking {unknown}
 u - a scroll of fear
 y - 4 scrolls of remove curse
 D - 4 scrolls of enchant armour
 K - 2 scrolls of immolation {unknown}
 R - a scroll of amnesia {unknown}
Potions
 k - 3 potions of curing
 l - a potion of haste {unknown}
 q - a potion of might {unknown}
 r - 4 potions of flight {unknown}
 v - a potion of heal wounds {unknown}
 w - 2 potions of invisibility
 z - 2 potions of degeneration
 A - a potion of agility
 L - a potion of cure mutation {unknown}
 O - a potion of cancellation {unknown}
 Z - a potion of ambrosia {unknown}
Books
 c - a book of Minor Magic

   Spells                             Type                      Level
   a - Magic Dart                     Conjuration                  1
   b - Blink                          Translocation                2
   c - Call Imp                       Summoning                    2
   d - Repel Missiles                 Charms/Air                   2
   e - Slow                           Hexes                        2
   f - Conjure Flame                  Conjuration/Fire             3
   g - Mephitic Cloud                 Conjuration/Poison/Air       3
 H - Kikubaaqudgha's Reference Book on Evil
   (You found it on level 5 of the Dungeon)

   Spells                             Type                      Level
   a - Pain                           Necromancy                   1
 T - a book of Cantrips

   Spells                             Type                      Level
   a - Corona                         Hexes                        1
   b - Animate Skeleton               Necromancy                   1
   c - Summon Small Mammal            Summoning                    1
   d - Apportation                    Translocation                1
Comestibles
 d - 7 bread rations
 p - 2 beef jerkies
 s - 3 meat rations
 F - a fruit
 X - 8 slices of pizza


   Skills:
 - Level 1.5 Bows
 + Level 6.9 Dodging
 + Level 8.0 Stealth
 + Level 8.4 Spellcasting
 + Level 5.7 Conjurations
 + Level 5.3 Hexes
 + Level 6.9 Charms
 - Level 5.0 Summonings
 + Level 5.5 Translocations
 + Level 4.4 Fire Magic
 + Level 5.0 Poison Magic
 + Level 5.5 Invocations


You had 9 spell levels left.
You knew the following spells:

 Your Spells              Type           Power        Failure   Level  Hunger
a - Magic Dart            Conj           ####         1%          1    None
b - Call Imp              Summ           #####...     1%          2    None
c - Blink                 Tloc           N/A          1%          2    None
d - Repel Missiles        Chrm/Air       ####..       1%          2    None
e - Mephitic Cloud        Conj/Pois/Air  ####....     3%          3    None
f - Conjure Flame         Conj/Fire      #####...     1%          3    None
g - Slow                  Hex            #####...     1%          2    None
s - Pain                  Necr           ##..         6%          1    None


Dungeon Overview and Level Annotations

Branches:
Dungeon (10/15)            Temple (0/1) D:7
   Lair: D:8-11         Orc: D:9-12

Altars:
Dithmenos
Gozag
Kikubaaqudgha
Makhleb
Okawaru
Pakellas
Qazlal
Ru
Sif Muna
Trog
Vehumet
Yredelemnul

Shops:
D:4 (   D:9 *

Annotations:
D:9 Gastronok


Innate Abilities, Weirdness & Mutations

You have sharp toenails.
Armour fits poorly on your strangely shaped body.
You are somewhat resistant to further mutation.
Your muscles are strong. (Str +2)


Message History

The hill giant hits you with a giant club!!!
Ouch! That really hurt!
* * * LOW HITPOINT WARNING * * *
Read which item? (? for menu, Esc to quit)
As you read the scroll of fear, it crumbles to dust.
You assume a fearsome visage.
The centaur zombie is unaffected.
The hill giant looks frightened!
The centaur looks frightened!
The hill giant is engulfed in roaring flames.
Casting: Conjure Flame
Confirm with . or Enter, or press ? or * to list all spells.
Aiming: Conjure Flame
Press: ? - help, Dir - move target cursor The fire roars!
The centaur zombie is engulfed in roaring flames.
The centaur zombie is engulfed in roaring flames.
The centaur zombie hits you but does no damage.
Casting: Conjure Flame
Confirm with . or Enter, or press ? or * to list all spells.
You blink.
You are engulfed in roaring flames.
You die...

######## ##############
#......## #............#
#.......###.C..........#
#.....§Z.@§.....<......#
#...+########(.........#
#. .......#(#.##....#
......⌠#(#.#######
._.Z_..#....(....#
......⌠#.()......#
########.........# #$$$
#.........# ...
#c........#


You could see a hill giant and a centaur zombie.

Vanquished Creatures
  The ghost of Graouh the Shield-Bearer, a novice MiFi (D:6)
  Joseph (D:7)
  Maurice (D:8)
  The ghost of Mefis the Magician, an amateur DEWz of Zin (D:4)
  A wyvern (D:8)
  3 hippogriffs
  A human (D:8)
  A water moccasin (D:9)
  A sky beast (D:9)
  5 ice beasts
  A wasp (D:7)
  6 orc warriors
  A black bear (D:8)
  4 ogres
  4 phantoms
  4 centaurs
  2 big kobolds
  9 giant frogs
  A water moccasin zombie (D:8)
  3 scorpions
  A water moccasin skeleton (D:6)
  8 wights
  3 howler monkeys
  A jelly (D:6)
  4 crimson imps
  5 hounds
  2 giant frog skeletons
  5 orc priests
  2 centaur skeletons (D:5)
  A gnoll shaman (D:6)
  2 iguanas (D:5)
  12 orc wizards
  6 worker ants
  A hound zombie (D:5)
  A hound skeleton (D:7)
  9 gnolls
  11 adders
  An ooze (D:2)
  A worm (D:3)
  2 dart slugs
  3 giant geckos
  34 orcs
  8 giant cockroaches
  5 goblins
  6 hobgoblins
  4 jackals (D:3)
  3 quokkas
  A ball python (D:1)
  4 bats
  2 giant gecko zombies
  6 giant newts
  A jackal zombie (D:5)
  6 kobolds
  A rat (D:1)
  2 butterflies (D:7)
215 creatures vanquished.

Vanquished Creatures (collateral kills)
  A hippogriff (D:5)
  A scorpion (D:6)
  2 worker ants
  A gnoll (D:3)
  2 worms (D:2)
  2 orcs
9 creatures vanquished.

Vanquished Creatures (others)
  A jackal (D:3)
  A plant (D:6)
2 creatures vanquished.

Grand Total: 226 creatures vanquished

Notes
Turn   | Place    | Note
--------------------------------------------------------------
     0 | D:1      | Mefis the Deep Elf Wizard began the quest for the Orb.
     0 | D:1      | Reached XP level 1. HP: 10/10 MP: 7/7
    51 | D:1      | You fall through a shaft!
   471 | D:1      | Reached XP level 2. HP: 15/15 MP: 6/9
   475 | D:1      | Learned a level 2 spell: Call Imp
   478 | D:1      | Learned a level 2 spell: Blink
   481 | D:1      | Learned a level 2 spell: Repel Missiles
   890 | D:2      | Reached skill level 5 in Spellcasting
  1190 | D:2      | Reached XP level 3. HP: 19/19 MP: 4/11
  1201 | D:2      | Learned a level 3 spell: Mephitic Cloud
  1346 | D:2      | Found an oddly glowing altar of Pakellas.
  2485 | D:3      | Found a faded altar to an unknown god.
  2495 | D:3      | Became a worshipper of Sif Muna the Loreminder
  2495 | D:3      | Reached * piety under Sif Muna
  2508 | D:3      | Reached XP level 4. HP: 24/24 MP: 10/13
  3035 | D:3      | Reached skill level 1 in Charms
  3147 | D:3      | Reached skill level 1 in Invocations
  3147 | D:3      | Reached XP level 5. HP: 28/28 MP: 8/14
  3152 | D:3      | Learned a level 3 spell: Conjure Flame
  3536 | D:3      | Gained mutation: Your muscles are strong. (Str +2) [potion of beneficial mutation]
  3651 | D:4      | Found Acug's Antique Weapon Boutique.
  3679 | D:4      | Noticed Mefis's ghost (amateur DEWz)
  3895 | D:3      | Reached XP level 6. HP: 27/32 MP: 8/16
  4117 | D:4      | Killed Mefis's ghost
  4117 | D:4      | Reached skill level 1 in Poison Magic
  4152 | D:4      | Reached ** piety under Sif Muna
  4268 | D:4      | Reached XP level 7. HP: 23/36 MP: 0/18
  4438 | D:4      | Found a burning altar of Makhleb.
  5314 | D:4      | Learned a level 2 spell: Slow
  5543 | D:5      | Entered Level 5 of the Dungeon
  5621 | D:5      | Found a stormy altar of Qazlal.
  5704 | D:5      | Found a radiant altar of Vehumet.
  5822 | D:5      | Found an ancient bone altar of Kikubaaqudgha.
  5823 | D:5      | Found a deep blue altar of Sif Muna.
  5829 | D:5      | Identified Kikubaaqudgha's Reference Book on Evil
  5832 | D:5      | Learned a level 1 spell: Pain
  5855 | D:5      | Found a shadowy altar of Dithmenos.
  5856 | D:5      | Found a sacrificial altar of Ru.
  5864 | D:5      | Found an iron altar of Okawaru.
  5888 | D:5      | Reached skill level 5 in Stealth
  5980 | D:5      | Reached skill level 1 in Fire Magic
  5980 | D:5      | Reached XP level 8. HP: 41/41 MP: 9/19
  6267 | D:5      | Reached skill level 1 in Hexes
  6811 | D:5      | Reached *** piety under Sif Muna
  6826 | D:5      | Reached skill level 5 in Dodging
  7116 | D:6      | Noticed Graouh's ghost (novice MiFi)
  7432 | D:6      | Found an opulent altar of Gozag.
  7432 | D:6      | Found a burning altar of Makhleb.
  7432 | D:6      | Found a basalt altar of Yredelemnul.
  7970 | D:6      | Killed Graouh's ghost
  7970 | D:6      | Reached **** piety under Sif Muna
  7970 | D:6      | Reached skill level 5 in Charms
  7970 | D:6      | Reached XP level 9. HP: 41/45 MP: 9/21
  9384 | D:7      | Found a staircase to the Ecumenical Temple.
  9845 | D:7      | Noticed Joseph
  9884 | D:7      | Reached ***** piety under Sif Muna
  9884 | D:7      | Reached skill level 5 in Conjurations
 10283 | D:7      | Killed Joseph
 10283 | D:7      | Reached XP level 10. HP: 32/50 MP: 4/23
 10726 | D:7      | Reached skill level 5 in Invocations
 10800 | D:7      | Reached skill level 5 in Translocations
 11300 | D:8      | Reached skill level 1 in Bows
 11550 | D:8      | Noticed Maurice
 11572 | D:8      | Killed Maurice
 11572 | D:8      | Reached skill level 5 in Summonings
 12297 | D:8      | Reached skill level 5 in Hexes
 12501 | D:9      | Found Eschemem's Demolitions Depot.
 13067 | D:9      | Gained mutation: Armour fits poorly on your strangely shaped body. [mutagenic meat]
 13068 | D:9      | Gained mutation: You are somewhat resistant to further mutation. [mutagenic meat]
 13072 | D:9      | Gained mutation: You have sharp toenails. [mutagenic meat]
 13499 | D:9      | Reached skill level 5 in Poison Magic
 13788 | D:9      | Noticed Gastronok
 14330 | D:10     | Entered Level 10 of the Dungeon
 14372 | D:10     | Noticed a hill giant
 14386 | D:10     | Found an opulent altar of Gozag.
 14386 | D:10     | Found a bloodstained altar of Trog.
 14397 | D:10     | Engulfed by a cloud of flame

Vault maps used:
D:1:      onia_arrival_pyramid, lemuel_another_geyser
D:2:      nicolae_overflow_hidden_temple, st_stairs_10
D:3:      first_bread, ecumenical_altar_2
D:4:      serial_shops, nicolae_shop_crystal, bloody_makhleb
D:5:      grunt_temple_overflow_magic_moments, gammafunk_temple_overflow_claw,
          lemuel_doored_altar, grunt_ministairs_15
D:6:      gammafunk_temple_overflow_forgotten, minivault_23, hex_tiny,
          minmay_misc_feat_tiny, minmay_misc_feat_encased
D:7:      minmay_temple_entry_butterflies, minivault_24, uniq_joseph
D:8:      grunt_pizzeria, uniq_maurice
D:9:      nicolae_blasting_shop, uniq_gastronok
D:10:     lair_0_dummy, david_orc_3, jmf_multi_god_temple

Skill      XL: |  1  2  3  4  5  6  7  8  9 10 |
---------------+-------------------------------+-----
Spellcasting   | 5 6 7 8 |  8.4
Conjurations   | 2 3 4 5 |  5.7
Dodging        | 3 4 5 6 |  6.9
Stealth        | 3 4 5 6 8 |  8.0
Charms         | 1 2 3 5 6 |  6.9
Translocations | 2 3 4 5 |  5.5
Invocations    | 1 2 4 5 |  5.5
Summonings     | 2 3 4 5 |  5.0
Poison Magic   | 1 3 5 |  5.0
Fire Magic     | 1 2 3 4 |  4.4
Hexes          | 3 4 5 |  5.3
Bows           | 1 |  1.5

Action                   |  1- 3 |  4- 6 |  7- 9 | 10-12 || total
-------------------------+-------+-------+-------+-------++-------
Melee: Unarmed           |     2 |       |       |       ||     2
       Short sword       |       |    24 |       |       ||    24
       Dagger            |       |     3 |    11 |       ||    14
       Longbow           |       |       |       |     2 ||     2
 Fire: Longbow           |       |       |     6 |    21 ||    27
Throw: Tomahawk          |       |       |     8 |       ||     8
 Cast: Magic Dart        |   104 |    95 |   492 |   410 ||  1101
       Call Imp          |    13 |     7 |    16 |     1 ||    37
       Repel Missiles    |     1 |       |     1 |       ||     2
       Mephitic Cloud    |       |     5 |    41 |    32 ||    78
       Blink             |       |     3 |    12 |     5 ||    20
       Conjure Flame     |       |       |    36 |    17 ||    53
       Pain              |       |       |    16 |       ||    16
       Slow              |       |       |     2 |     3 ||     5
Invok: Channel Energy    |       |     2 |    66 |       ||    68
  Use: Scroll            |       |     8 |     3 |     1 ||    12
       Potion            |       |     1 |       |     1 ||     2
 Stab: Sleeping          |       |     2 |     4 |       ||     6
  Eat: Chunk             |     4 |     6 |    19 |    12 ||    41
       Bread ration      |       |       |     2 |     1 ||     3
       Fruit             |       |       |     1 |       ||     1
Armor: Robe              |     6 |    11 |    23 |    14 ||    54
Dodge: Dodged            |    21 |    49 |    96 |    41 ||   207
       Deflected         |       |       |     7 |     2 ||     9
